| TOP OF THE 1ST |
|
Billings Mustangs batting - Pitching for Grand Junction Rockies : LHP Juan Rivera
|
|
Pitching: LHP Juan Rivera
|
|
|
Batting: LHB Clint Hanninen
|
0-0: Called Strike 0-1: Ball 1-1: Swinging Strike 1-2: Ball 2-2: Strikes out swinging
|
|
Batting: SHB Gustavo Froio
|
0-0: Ball 1-0: Ball 2-0: Ball 3-0: Base on Balls
|
|
Batting: RHB Will Trudeau
|
0-0: Ball 1-0: Hit by Pitch Gustavo Froio to second
|
|
Batting: LHB Jose Cruz
|
0-0: Ball 1-0: Fielders Choice at 2nd, 4-6 (Groundball, 4, EV 78.1 MPH) Gustavo Froio to third
|
|
Batting: RHB Alex Nagera
|
0-0: Called Strike 0-1: Ball 1-1: SINGLE (Groundball, 6MD, EV 110.0 MPH) Gustavo Froio scores Jose Cruz to second
|
|
Batting: SHB Sal Esparza
|
0-0: Called Strike 0-1: Called Strike 0-2: Fly out, F9 (Flyball, 9LD, EV 106.2 MPH)
|
| Top of the 1st over - 1 run, 1 hit, 0 errors, 2 left on base; Billings 1 - Grand Junction 0 |
| BOTTOM OF THE 1ST |
|
Grand Junction Rockies batting - Pitching for Billings Mustangs : LHP Brett Blevins
|
|
Pitching: LHP Brett Blevins
|
|
|
Batting: RHB Gashie Chimsima
|
0-0: Foul Ball, location: 2F 0-1: Ball 1-1: Ball 2-1: Foul Ball, location: 2F 2-2: Foul Ball, location: 2F 2-2: SOLO HOME RUN (Flyball, 9D, EV 98.8 MPH), Distance : 388 ft
|
|
Batting: SHB Justin Jackson
|
0-0: Called Strike 0-1: Foul Ball, location: 2F 0-2: Ball 1-2: Foul Ball, location: 2F 1-2: Ground out 5-3 (Groundball, 56S, EV 70.0 MPH)
|
|
Batting: RHB Dan Hoffman
|
0-0: Ball 1-0: Swinging Strike 1-1: Called Strike 1-2: Ball 2-2: Strikes out swinging
|
|
Batting: RHB Ryan Ward
|
0-0: Called Strike 0-1: DOUBLE (Line Drive, 7LS, EV 93.1 MPH)
|
|
Batting: LHB Georges Lambert
|
0-0: Ball 1-0: Fly out, F3 (Line Drive, 34, EV 70.0 MPH)
|
| Bottom of the 1st over - 1 run, 2 hits, 0 errors, 1 left on base; Billings 1 - Grand Junction 1 |
| TOP OF THE 2ND |
|
Billings Mustangs batting - Pitching for Grand Junction Rockies : LHP Juan Rivera
|
|
Batting: RHB Wayne Watson
|
0-0: Ground out 5-3 (Groundball, 56, EV 85.0 MPH)
|
|
Batting: RHB Ruben Cantu
|
0-0: Foul Ball, location: 2F 0-1: Foul Ball, location: 2F 0-2: Strikes out swinging
|
|
Batting: RHB Jimmy Geddes
|
0-0: Ball 1-0: Single, Error in OF, E7, batter to second base (Groundball, 56D, EV 104.4 MPH)
|
|
Batting: LHB Clint Hanninen
|
0-0: Ground out 6-3 (Groundball, 6, EV 93.8 MPH)
|
| Top of the 2nd over - 0 runs, 1 hit, 1 error, 1 left on base; Billings 1 - Grand Junction 1 |
| BOTTOM OF THE 2ND |
|
Grand Junction Rockies batting - Pitching for Billings Mustangs : LHP Brett Blevins
|
|
Batting: RHB Edwin Bejarano
|
0-0: Ball 1-0: Ball 2-0: Ball 3-0: Base on Balls
|
|
Batting: LHB Tom Bemis
|
0-0: Called Strike Edwin Bejarano steals 2nd base 0-1: Ball 1-1: Ball 2-1: Ball 3-1: Base on Balls
|
|
Batting: SHB J.D. Newman
|
0-0: Swinging Strike 0-1: Ball 1-1: Ball 2-1: Foul Ball, location: 2F 2-2: Ball 3-2: Foul Ball, location: 2F 3-2: Foul Ball, location: 2F 3-2: Grounds into double play, 6-4-3 (Groundball, 6, EV 80.6 MPH) Edwin Bejarano to third
|
|
Batting: RHB Tom Gentry
|
0-0: Foul Ball, location: 2F 0-1: Called Strike 0-2: Ball 1-2: Ground out 4-3 (Groundball, 4, EV 88.8 MPH)
|
| Bottom of the 2nd over - 0 runs, 0 hits, 0 errors, 1 left on base; Billings 1 - Grand Junction 1 |
| TOP OF THE 3RD |
|
Billings Mustangs batting - Pitching for Grand Junction Rockies : LHP Juan Rivera
|
|
Batting: SHB Gustavo Froio
|
0-0: Called Strike 0-1: Foul Ball, location: 2F 0-2: Strikes out looking
|
|
Batting: RHB Will Trudeau
|
0-0: Called Strike 0-1: Foul Ball, location: 2F 0-2: Ball 1-2: Ball 2-2: Strikes out looking
|
|
Batting: LHB Jose Cruz
|
0-0: Ball 1-0: Ball 2-0: Foul Ball, location: 2F 2-1: Foul Ball, location: 2F 2-2: Strikes out swinging
|
| Top of the 3rd over - 0 runs, 0 hits, 0 errors, 0 left on base; Billings 1 - Grand Junction 1 |
| BOTTOM OF THE 3RD |
|
Grand Junction Rockies batting - Pitching for Billings Mustangs : LHP Brett Blevins
|
|
Batting: RHB Gashie Chimsima
|
0-0: Ball 1-0: Ball 2-0: Called Strike 2-1: Ball 3-1: Base on Balls
|
|
Batting: SHB Justin Jackson
|
0-0: Foul Ball, location: 2F 0-1: Foul Ball, location: 2F 0-2: Ball 1-2: Foul Ball, location: 2F 1-2: Ball 2-2: Foul Ball, location: 2F 2-2: 2-RUN HOME RUN (Flyball, 7D, EV 93.8 MPH), Distance : 376 ft
|
|
Batting: RHB Dan Hoffman
|
0-0: Ball 1-0: Ground out 4-3 (Groundball, 4, EV 86.9 MPH)
|
|
Batting: RHB Ryan Ward
|
0-0: Ball 1-0: SINGLE (Groundball, 6MD, EV 96.9 MPH)
|
|
Batting: LHB Georges Lambert
|
0-0: Grounds into double play, U6-3 (Groundball, 4M, EV 101.9 MPH)
|
| Bottom of the 3rd over - 2 runs, 2 hits, 0 errors, 0 left on base; Billings 1 - Grand Junction 3 |
| TOP OF THE 4TH |
|
Billings Mustangs batting - Pitching for Grand Junction Rockies : LHP Juan Rivera
|
|
Batting: RHB Alex Nagera
|
0-0: Called Strike 0-1: Ball 1-1: Ball 2-1: Fly out, F5 (Popup, 5F, EV 66.2 MPH)
|
|
Batting: SHB Sal Esparza
|
0-0: Swinging Strike 0-1: Ball 1-1: Foul Ball, location: 2F 1-2: Foul Ball, location: 2F 1-2: Ball 2-2: DOUBLE (Line Drive, 78D, EV 102.5 MPH)
|
|
Batting: RHB Wayne Watson
|
0-0: Fly out, F7 (Line Drive, 7S, EV 110.6 MPH)
|
|
Batting: RHB Ruben Cantu
|
0-0: Ball 1-0: Called Strike 1-1: Ball 2-1: Ball 3-1: Foul Ball, location: 2F 3-2: Fly out, F5 (Line Drive, 5L, EV 69.4 MPH)
|
| Top of the 4th over - 0 runs, 1 hit, 0 errors, 1 left on base; Billings 1 - Grand Junction 3 |
| BOTTOM OF THE 4TH |
|
Grand Junction Rockies batting - Pitching for Billings Mustangs : LHP Brett Blevins
|
|
Batting: RHB Edwin Bejarano
|
0-0: Ball 1-0: Swinging Strike 1-1: Ball 2-1: Swinging Strike 2-2: Ball 3-2: Base on Balls
|
|
Batting: LHB Tom Bemis
|
0-0: Ball 1-0: Fly out, F8 (Flyball, 8LD, EV 93.8 MPH)
|
|
Batting: SHB J.D. Newman
|
0-0: Ball 1-0: Fielders Choice at 2nd, 5-4 (Groundball, 56, EV 100.0 MPH)
|
|
Batting: RHB Tom Gentry
|
0-0: Called Strike 0-1: Ball 1-1: Ball 2-1: Fielders Choice at 2nd, 6-4 (Groundball, 56, EV 90.6 MPH)
|
| Bottom of the 4th over - 0 runs, 0 hits, 0 errors, 1 left on base; Billings 1 - Grand Junction 3 |
| TOP OF THE 5TH |
|
Billings Mustangs batting - Pitching for Grand Junction Rockies : LHP Juan Rivera
|
|
Batting: RHB Jimmy Geddes
|
0-0: Foul Ball, location: 2F 0-1: Foul Ball, location: 2F 0-2: Hit by Pitch
|
|
Batting: LHB Clint Hanninen
|
0-0: Ball 1-0: Ball Wild Pitch! Jimmy Geddes to second 2-0: Called Strike 2-1: Ball 3-1: Foul Ball, location: 2F 3-2: Strikes out looking
|
|
Batting: SHB Gustavo Froio
|
0-0: Ball 1-0: Swinging Strike 1-1: SINGLE (Groundball, 6MD, EV 111.2 MPH) Jimmy Geddes to third
|
|
Batting: RHB Will Trudeau
|
0-0: Fielders Choice at 2nd, 6-4 (Groundball, 6, EV 80.6 MPH) Jimmy Geddes scores
|
|
Batting: LHB Jose Cruz
|
0-0: Ball 1-0: Fly out, F7 (Flyball, 78S, EV 81.9 MPH)
|
| Top of the 5th over - 1 run, 1 hit, 0 errors, 1 left on base; Billings 2 - Grand Junction 3 |
| BOTTOM OF THE 5TH |
|
Grand Junction Rockies batting - Pitching for Billings Mustangs : LHP Brett Blevins
|
|
Pitching: RHP Cortez Restrepo
|
|
|
Batting: RHB Gashie Chimsima
|
0-0: Ball 1-0: Called Strike 1-1: Ground out 1-3 (Groundball, 15S, EV 70.0 MPH)
|
|
Batting: SHB Justin Jackson
|
0-0: Called Strike 0-1: Ball 1-1: SINGLE (Groundball, 4, EV 96.9 MPH)
|
|
Batting: RHB Dan Hoffman
|
0-0: Swinging Strike 0-1: Ball 1-1: Fly out, F8 (Flyball, 78M, EV 87.5 MPH)
|
|
Batting: RHB Ryan Ward
|
0-0: Ball Justin Jackson steals 2nd base 1-0: Foul Ball, location: 2F 1-1: Ground out 2-3 (Groundball, 13S, EV 68.8 MPH)
|
| Bottom of the 5th over - 0 runs, 1 hit, 0 errors, 1 left on base; Billings 2 - Grand Junction 3 |
| TOP OF THE 6TH |
|
Billings Mustangs batting - Pitching for Grand Junction Rockies : LHP Juan Rivera
|
|
Batting: RHB Alex Nagera
|
0-0: Fly out, F7 (Flyball, 7, EV 87.5 MPH)
|
|
Batting: SHB Sal Esparza
|
0-0: Foul Ball, location: 2F 0-1: Foul Ball, location: 2F 0-2: SOLO HOME RUN (Flyball, 7D, EV 105.0 MPH), Distance : 392 ft
|
|
Batting: RHB Wayne Watson
|
0-0: Called Strike 0-1: Ground out 5-3 (Groundball, 56S, EV 64.4 MPH)
|
|
Batting: RHB Ruben Cantu
|
0-0: Ball 1-0: Fly out, F4 (Flyball, 34D, EV 88.8 MPH)
|
| Top of the 6th over - 1 run, 1 hit, 0 errors, 0 left on base; Billings 3 - Grand Junction 3 |
| BOTTOM OF THE 6TH |
|
Grand Junction Rockies batting - Pitching for Billings Mustangs : RHP Cortez Restrepo
|
|
Batting: LHB Georges Lambert
|
0-0: Foul Ball, location: 2F 0-1: Ball 1-1: Ball 2-1: Ground out 5-3 (Groundball, 5L, EV 88.1 MPH)
|
|
Batting: RHB Edwin Bejarano
|
0-0: Ball 1-0: Ball 2-0: Called Strike 2-1: SOLO HOME RUN (Flyball, 8LXD, EV 109.4 MPH), Distance : 456 ft
|
|
Batting: LHB Tom Bemis
|
0-0: Ball 1-0: SOLO HOME RUN (Flyball, 9D, EV 97.5 MPH), Distance : 388 ft
|
|
Pitching: RHP Juan Oliveros
|
|
|
Batting: SHB J.D. Newman
|
0-0: Foul Ball, location: 2F 0-1: Ball 1-1: Foul Ball, location: 2F 1-2: Strikes out swinging
|
|
Batting: RHB Tom Gentry
|
0-0: Called Strike 0-1: Ground out 6-3 (Groundball, 6MD, EV 86.2 MPH)
|
| Bottom of the 6th over - 2 runs, 2 hits, 0 errors, 0 left on base; Billings 3 - Grand Junction 5 |
| TOP OF THE 7TH |
|
Billings Mustangs batting - Pitching for Grand Junction Rockies : LHP Juan Rivera
|
|
Batting: RHB Jimmy Geddes
|
0-0: Ball 1-0: Swinging Strike 1-1: Called Strike 1-2: Strikes out looking
|
|
Batting: LHB Clint Hanninen
|
0-0: Ground out 4-3 (Groundball, 4, EV 87.5 MPH)
|
|
Batting: SHB Gustavo Froio
|
0-0: Ball 1-0: Ground out 6-3 (Groundball, 56D, EV 85.0 MPH)
|
| Top of the 7th over - 0 runs, 0 hits, 0 errors, 0 left on base; Billings 3 - Grand Junction 5 |
| BOTTOM OF THE 7TH |
|
Grand Junction Rockies batting - Pitching for Billings Mustangs : RHP Juan Oliveros
|
|
Batting: RHB Gashie Chimsima
|
0-0: Ball 1-0: Ball 2-0: Ball 3-0: Called Strike 3-1: Foul Ball, location: 2F 3-2: Base on Balls
|
|
Batting: SHB Justin Jackson
|
0-0: Ball 1-0: Ball 2-0: Ball 3-0: Called Strike 3-1: Base on Balls Gashie Chimsima to second
|
|
Batting: RHB Dan Hoffman
|
0-0: Fly out, F7 (Flyball, 7, EV 95.0 MPH)
|
|
Batting: RHB Ryan Ward
|
0-0: Ball 1-0: Swinging Strike 1-1: DOUBLE (Flyball, 8RXD, EV 101.9 MPH) Gashie Chimsima scores Justin Jackson to third Runner from 3rd tries for Home, SAFE, no throw by CF
|
|
Batting: LHB Georges Lambert
|
0-0: Foul Ball, location: 2F 0-1: Foul Ball, location: 2F 0-2: TRIPLE (Flyball, 89XD, EV 94.4 MPH) Ryan Ward scores
|
|
Batting: RHB Edwin Bejarano
|
0-0: Ball 1-0: Foul Ball, location: 2F 1-1: Ball 2-1: Ball 3-1: Called Strike 3-2: Base on Balls
|
|
Batting: LHB Tom Bemis
|
0-0: Ball 1-0: Ball Edwin Bejarano is caught stealing 2nd base 2-6 2-0: Swinging Strike 2-1: Ball 3-1: Ground out 6-3 (Groundball, 4M, EV 102.5 MPH)
|
| Bottom of the 7th over - 3 runs, 2 hits, 0 errors, 1 left on base; Billings 3 - Grand Junction 8 |
| TOP OF THE 8TH |
|
Billings Mustangs batting - Pitching for Grand Junction Rockies : LHP Juan Rivera
|
|
Batting: RHB Will Trudeau
|
0-0: Foul Ball, location: 2F 0-1: Ball 1-1: Ball 2-1: Called Strike 2-2: Foul Ball, location: 2F 2-2: Ball 3-2: SINGLE (Groundball, 56D, EV 100.0 MPH)
|
|
Batting: LHB Jose Cruz
|
0-0: Swinging Strike 0-1: Foul Ball, location: 2F 0-2: Foul Ball, location: 2F 0-2: Ball Wild Pitch! Will Trudeau to second 1-2: Strikes out swinging
|
|
Batting: RHB Alex Nagera
|
0-0: Ball 1-0: Ball 2-0: Ball 3-0: Base on Balls
|
|
Batting: SHB Sal Esparza
|
0-0: Ball 1-0: Fly out, F7 (Flyball, 78M, EV 86.2 MPH)
|
|
Batting: RHB Wayne Watson
|
0-0: Fielders Choice at 2nd, 6-4 (Groundball, 6, EV 103.1 MPH)
|
| Top of the 8th over - 0 runs, 1 hit, 0 errors, 2 left on base; Billings 3 - Grand Junction 8 |
| BOTTOM OF THE 8TH |
|
Grand Junction Rockies batting - Pitching for Billings Mustangs : RHP Juan Oliveros
|
|
Batting: SHB J.D. Newman
|
0-0: Called Strike 0-1: Swinging Strike 0-2: Foul Ball, location: 2F 0-2: Ball 1-2: SINGLE (Groundball, 4MD, EV 94.4 MPH)
|
|
Pitching: RHP Boboy Cacabelos
|
|
|
Batting: RHB Tom Gentry
|
0-0: Ball 1-0: Ball 2-0: Ball 3-0: Called Strike 3-1: Base on Balls J.D. Newman to second
|
|
Batting: RHB Gashie Chimsima
|
0-0: Ball 1-0: Ball 2-0: Ball 3-0: Base on Balls J.D. Newman to third Tom Gentry to second
|
|
Batting: SHB Justin Jackson
|
0-0: Ball 1-0: Ball 2-0: Ball 3-0: Called Strike 3-1: Swinging Strike 3-2: Base on Balls J.D. Newman scores Tom Gentry to third Gashie Chimsima to second
|
|
Batting: RHB Dan Hoffman
|
0-0: Grounds into double play, 5-4-3 (Groundball, 5, EV 102.5 MPH) Tom Gentry scores Gashie Chimsima to third
|
|
Batting: RHB Ryan Ward
|
0-0: Ball 1-0: Called Strike 1-1: Reached on error, E5 (Groundball, 15, EV 83.1 MPH) Gashie Chimsima scores
|
|
Batting: LHB Georges Lambert
|
0-0: Ball 1-0: Ball 2-0: Called Strike 2-1: Called Strike 2-2: Hit by Pitch Ryan Ward to second
|
|
Batting: RHB Edwin Bejarano
|
0-0: Ball 1-0: Ball 2-0: Ball 3-0: Called Strike 3-1: Called Strike 3-2: DOUBLE (Groundball, 5L, EV 107.5 MPH) Ryan Ward scores Georges Lambert to third Georges Lambert scores
|
|
Pitching: RHP Roger Whitaker
|
|
|
Batting: LHB Tom Bemis
|
0-0: Swinging Strike 0-1: Ball 1-1: Swinging Strike 1-2: Strikes out swinging
|
| Bottom of the 8th over - 5 runs, 2 hits, 1 error, 1 left on base; Billings 3 - Grand Junction 13 |
| TOP OF THE 9TH |
|
Billings Mustangs batting - Pitching for Grand Junction Rockies : LHP Juan Rivera
|
|
Batting: RHB Ruben Cantu
|
0-0: Ball 1-0: Ball 2-0: SINGLE (Groundball, 56D, EV 93.8 MPH)
|
|
Pinch Hitting: RHB Rich Vanegas
|
0-0: Ball 1-0: SINGLE (Groundball, 6MD, EV 101.2 MPH) Ruben Cantu to second
|
|
Batting: LHB Clint Hanninen
|
0-0: DOUBLE (Line Drive, 9LM, EV 105.0 MPH) Ruben Cantu scores Rich Vanegas to third
|
|
Batting: RHB Emanuel Estrada
|
0-0: Ball 1-0: Ball 2-0: Ball 3-0: Base on Balls
|
|
Batting: RHB Will Trudeau
|
0-0: Ball 1-0: Swinging Strike 1-1: Ball 2-1: Ball 3-1: Base on Balls Rich Vanegas scores Clint Hanninen to third Emanuel Estrada to second
|
|
Batting: LHB Jose Cruz
|
0-0: Ball 1-0: Swinging Strike Passed Ball! Clint Hanninen scores Emanuel Estrada to third Will Trudeau to second 1-1: 3-RUN HOME RUN (Flyball, 9D, EV 98.1 MPH), Distance : 402 ft
|
|
Pitching: RHP Diego Arredondo
|
|
|
Batting: RHB Alex Nagera
|
0-0: Called Strike 0-1: DOUBLE (Line Drive, 9LS, EV 95.6 MPH)
|
|
Batting: SHB Sal Esparza
|
0-0: Called Strike 0-1: Ball 1-1: Foul Ball, location: 2F 1-2: Foul Ball, location: 2F 1-2: Ball 2-2: Ball 3-2: Foul Ball, location: 2F 3-2: Strikes out looking
|
|
Batting: RHB Wayne Watson
|
0-0: Called Strike 0-1: Ball 1-1: Foul Ball, location: 2F 1-2: Strikes out swinging
|
|
Batting: RHB Ruben Cantu
|
0-0: Called Strike 0-1: Foul Ball, location: 2F 0-2: Ball 1-2: Ball 2-2: Foul Ball, location: 2F 2-2: SINGLE (Line Drive, 3D, EV 106.2 MPH) Alex Nagera to third
|
|
Pitching: RHP Alex Covarrubias
|
|
|
Batting: RHB Rich Vanegas
|
0-0: Ball 1-0: Ball 2-0: Ball 3-0: Base on Balls Ruben Cantu to second
|
|
Batting: LHB Clint Hanninen
|
0-0: Called Strike 0-1: Foul Ball, location: 2F 0-2: Ball 1-2: Fielders Choice at 2nd, 6-4 (Groundball, 6, EV 106.2 MPH)
|
| Top of the 9th over - 6 runs, 6 hits, 0 errors, 3 left on base; Billings 9 - Grand Junction 13 |
|